 Dungeon Crawl Stone Soup version 0.31-a0-83-gbff143cfd1 (webtiles) character file.

Game seed: 9529088047344683745

17819 frimble the Tainter (level 12, -6/105 HPs)
             Began as an Octopode Warper on May 24, 2023.
             Was an Elder of Cheibriados.
             Mangled by a salamander
             ... wielding a +0 trident of freezing
              (7 damage)
             ... in a volcano.
             The game lasted 00:27:24 (13665 turns).

frimble the Tainter (Octopode Warper)              Turns: 13665, Time: 00:27:24

Health: -6/105     AC: 31    Str: 21    XL:     12   Next: 52%
Magic:  2/21       EV: 15    Int: 30    God:    Cheibriados [****..]
Gold:   767        SH:  0    Dex: 16    Spells: 5/23 levels left

rFire   + . .        G - +6 rapier "Alao" {pain, rPois rN+ Dex-5 Stlth+}
rCold   + . .        (no shield)
rNeg    + + +        C - +1 hat
rPois   ∞            (no amulet)
rElec   +            x - +4 ring of protection
rCorr   +            I - ring of positive energy
SInv    .            b - ring of positive energy
Will    .....        (no ring)
Stlth   +++++        (no ring)
HPRegen 0.37/turn    (no ring)
MPRegen 0.17/turn    (no ring)
                     (no ring)

%: no passive effects
@: statue-form, resistant, weak-willed, very slightly contaminated, very slow
A: slow and powerful, torment resistance 1, boosted hp, almost no armour,
amphibious, 8 rings, camouflage 1, (gelatinous body 1), (nimble swimmer 1),
tentacles
a: End Transformation, Renounce Religion, Bend Time, Temporal Distortion, Slouch


You were in a volcano.
You worshipped Cheibriados.
Cheibriados was greatly pleased with you.
You were a living statue of rough stone.
You visited 3 branches of the dungeon, and saw 15 of its levels.
You also visited: Volcano.

You collected 767 gold pieces.

Inventory:

Hand Weapons
 G - the +6 rapier "Alao" (weapon) {pain, rPois rN+ Dex-5 Stlth+}
   (You found it on level 9 of the Dungeon)

   Dex:       It affects your dexterity (-5).
   rPois:     It protects you from poison.
   rN:        It protects you from negative energy.
   Stlth:     It makes you more stealthy.
Missiles
 c - 8 boomerangs of dispersal
 d - 6 boomerangs
 m - 14 poisoned darts
 z - 2 throwing nets
Armour
 C - a +1 hat (worn)
Jewellery
 b - a ring of positive energy (on tentacle)
 x - a +4 ring of protection (left tentacle)
 I - a ring of positive energy (right tentacle)
Wands
 p - a wand of flame (49)
 r - a wand of paralysis (4)
 w - a wand of polymorph (5)
 D - a wand of roots (3)
 E - a wand of mindburst (5)
Scrolls
 g - a scroll of identify
 l - a scroll of poison
 F - a scroll of amnesia
Potions
 f - 2 potions of curing
 h - 3 potions of attraction
 i - 2 potions of might
 k - 2 potions of brilliance {unknown}
 n - 2 potions of cancellation {unknown}
 o - 2 potions of magic {unknown}
 q - 3 potions of berserk rage {unknown}
 s - 3 potions of enlightenment {unknown}
 t - a potion of degeneration {unknown}
 v - a potion of invisibility {unknown}
 A - 2 potions of mutation {unknown}
 B - 2 potions of haste {unknown}
Miscellaneous
 a - a condenser vane (inert)
 y - a box of beasts (inert)


   Skills:
 - Level 7.1 Fighting
 - Level 4.5 Short Blades
 - Level 2.0 Throwing
 - Level 7.0 Dodging
 - Level 4.6 Stealth
 - Level 6.2 Spellcasting
 - Level 4.0 Translocations
 + Level 9.3 Transmutations
 - Level 6.0 Fire Magic
 + Level 6.7 Earth Magic
 - Level 10.0 Poison Magic
 - Level 1.6 Evocations


You had 5 spell levels left.
You knew the following spells:

 Your Spells              Type           Power      Damage    Failure   Level
a - Blink                 Tloc           66%        N/A       1%          2
b - Olgreb's Toxic Radia  Pois           62%        N/A       1%          4
c - Ignite Poison         Fire/Tmut/Pois 52%        N/A       1%          3
d - Statue Form           Tmut/Erth      34%        N/A       36%         6
e - Apportation           Tloc           66%        N/A       1%          1
f - Passwall              Tmut/Erth      43%        N/A       1%          2

Your spell library contained the following spells:

 Spells                   Type           Power      Damage    Failure   Level
 Foxfire                  Conj/Fire      88%        2x1d8     1%          1
 Sandblast                Erth           98%        2d20      1%          1
 Sting                    Tmut/Pois      100%       1d8       1%          1
 Lesser Beckoning         Tloc           66%        N/A       1%          2
 Poisonous Vapours        Pois/Air       68%        N/A       1%          2
 Volatile Blastmotes      Fire/Tloc      68%        2d15      2%          3
 Petrify                  Tmut/Erth      52%        N/A       2%          4
 Cigotuvi's Dreadful Rot  Necr/Pois/Air  46%        N/A       3%          2
 Gell's Gravitas          Tloc           33%        N/A       3%          3
 Teleport Other           Tloc           33%        N/A       3%          3
 Alistair's Intoxication  Tmut/Pois      38%        N/A       3%          5
 Stone Arrow              Conj/Erth      48%        3d10      5%          3
 Mephitic Cloud           Conj/Pois/Air  23%        N/A       6%          3
 Kiss of Death            Conj/Necr      16%        2d6       7%          1
 Vhi's Electric Charge    Tloc/Air       32%        N/A       10%         3
 Manifold Assault         Tloc           33%        N/A       10%         4
 Confusing Touch          Hex            9%         N/A       16%         3
 Ozocubu's Armour         Ice            9%         N/A       16%         3
 Dazzling Flash           Conj/Hex       8%         N/A       22%         3
 Iskenderun's Mystic Bla  Conj/Tloc      16%        2d5       30%         4
 Dispel Undead            Necr           9%         3d8       45%         4
 Fireball                 Conj/Fire      11%        3d7       50%         5
 Metabolic Englaciation   Hex/Ice        2%         N/A       89%         5
 Freezing Cloud           Conj/Ice/Air   1%         6-21      91%         5
 Dispersal                Tloc           16%        N/A       83%         6
 Plasma Beam              Fire/Air       11%        2x1d24    97%         6
 Starburst                Conj/Fire      11%        6d5       97%         6
 Simulacrum               Ice/Necr       2%         N/A       100%        6
 Discord                  Hex            4%         N/A       100%        8
 Ignition                 Fire           22%        3d8       100%        8


Dungeon Overview and Level Annotations

Branches:
Dungeon (13/15)            Temple (1/1) D:7            Lair (0/5) D:9
    Orc (1/2) D:9         Volcano (1/1)
 Vaults: D:13-14

Altars:
Ashenzari
Cheibriados
Dithmenos
Elyvilon
Fedhas
Gozag
Kikubaaqudgha
Makhleb
Nemelex Xobeh
Qazlal
Ru
Sif Muna
Trog
Uskayaw
Vehumet
Xom
Zin
The Shining One

Shops:
D:1 *   D:3 (   D:7 (   D:9 *

Portals:
Trove: D:11 (give 5 scrolls of fear)

Annotations:
D:4 1 runed translucent door, Crazy Yiuf
D:8 4 transporters, exclusion: 2 wights
D:12 3 runed translucent doors, 1 exclusion, Jorgrun; Lexicon's ghost, journeyman HOFi


Innate Abilities, Weirdness & Mutations

You are a living statue of rough stone.
Your actions are slow, but your melee attacks are powerful.
You are resistant to unholy torment.
Your maximum health is greatly increased.
You are immune to poison.
You cannot wear most types of armour.
You are amphibious.
You can wear up to eight rings at the same time.
Your skin changes colour to match your surroundings (Stealth+).
((Your rubbery body absorbs attacks. (AC +1, EV +1)))
((You are camouflaged when in or above water. (Stealth+)))
You have tentacles for arms and can constrict up to eight enemies at once.


Message History

The salamander hits you but does no damage.
The salamander barely misses you. The salamander closely misses you.
The helpless salamander mystic fails to defend itself.
You spit the salamander mystic like a pig!!!
You kill the salamander mystic!
The salamander misses you. The salamander closely misses you.
The salamander hits you but does no damage.
The salamander unwields a +0 shortbow of flaming.
It stops flaming.
The salamander hits you but does no damage. x2
The salamander hits you from afar with a +4 halberd!
* * * LOW HITPOINT WARNING * * *
You are engulfed in flames.
You resist.
* * * LOW HITPOINT WARNING * * *
Okay, then.
Okay, then.
Okay, then.
Okay, then.
Unknown command.
Casting: Blink (safe; 1% risk of failure)
Confirm with . or Enter, or press ? or * to list all spells.
You blink.
You kill the salamander!
Cheibriados thoroughly appreciates the change of pace.
The salamander closely misses you.
The salamander hits you but does no damage. x2
The salamander hits you from afar with a +0 trident of freezing.
* * * LOW HITPOINT WARNING * * *
You are engulfed in flames.
You resist.
* * * LOW HITPOINT WARNING * * *
The salamander misses you.
There is a rumble as the volcano erupts.
The roof shakes.
You feel stable enough to blink again.
The salamander hits you but does no damage. x2
The salamander barely misses you.
The salamander hits you but does no damage.
The salamander hits you from afar with a +0 trident of freezing.
* * * LOW HITPOINT WARNING * * *
You are engulfed in flames!
You resist.
You die...

∩.. .(. )). ..#
#.######..###
#.#§§#.###.###
..###..§.§.....).###
#...§§∩N.###§N.)..#
##.§§)..###§§NNN.#
...##....# #..N§###
# #.#N##N.##.8.#
...#.##..###.## ∩)(.
#. ..).### ... #.
#..∩. .## .[ #####
#.


You could see 5 salamanders.

Vanquished Creatures
  Snorg (D:12)
  A boulder beetle (D:11)
  4 two-headed ogres
  A salamander mystic (Volcano)
  Pikel (D:9)
  A deep elf pyromancer (D:12)
  A cyclops (D:12)
  A manticore (D:11)
  2 salamanders (Volcano)
  An ugly thing (D:12)
  Maurice (D:9)
  2 unseen horrors (D:11)
  A gargoyle (D:12)
  A komodo dragon (D:12)
  2 trolls
  Grinder (D:6)
  Prince Ribbit (D:7)
  Sigmund (D:5)
  2 wraiths
  12 yaks
  A shadow (D:12)
  A vampire (D:12)
  3 fire bats (Orc:1)
  2 wyverns (D:9)
  Eustachio (D:5)
  2 steam dragons
  6 vampire mosquitoes (D:12)
  An acid dragon (D:11)
  Duvessa (D:6)
  3 water moccasins
  An ice beast (D:7)
  3 black bears (D:9)
  5 orc warriors
  4 centaurs
  A phantom (D:5)
  A kobold brigand (D:6)
  2 gnoll sergeants (D:12)
  7 scorpions
  7 bullfrogs
  A wight (D:6)
  Dowan (D:6)
  16 killer bees
  2 howler monkeys
  6 hounds
  2 jellies
  2 orc priests
  2 gnoll boudas
  An iguana (D:6)
  6 orc wizards
  A sleepcap (D:5)
  12 gnolls
  4 adders
  An ufetubus (D:6)
  4 worms
  2 dart slugs
  21 orcs
  3 bats
  5 endoplasms
  A giant cockroach (D:4)
  8 goblins
  6 hobgoblins
  7 jackals
  9 quokkas
  3 training dummies (D:7)
  9 ball pythons
  3 frilled lizards
  6 kobolds
  5 rats
239 creatures vanquished.

Notes
Turn   | Place    | Note
-------+----------+-------------------------------------------
     0 | D:1      | frimble the Octopode Warper began the quest for the Orb.
     0 | D:1      | Reached XP level 1. HP: 14/14 MP: 3/3
    28 | D:1      | Reached XP level 2. HP: 16/19 MP: 5/5
   259 | D:1      | You fall into a shaft and drop 1 floor!
   455 | D:2      | Reached XP level 3. HP: 21/24 MP: 6/6
  1281 | D:1      | Found Isyomo's General Store.
  1349 | D:1      | Reached XP level 4. HP: 17/30 MP: 7/7
  1750 | D:3      | Found Nabasoc's Weapon Emporium.
  1833 | D:3      | Found a sacrificial altar of Ru.
  2342 | D:3      | Learned a level 2 spell: Blink
  2470 | D:4      | Noticed a scorpion
  2480 | D:4      | Killed a scorpion
  2481 | D:4      | Reached XP level 5. HP: 11/36 MP: 7/9
  2835 | D:4      | Reached XP level 6. HP: 39/42 MP: 10/10
  3216 | D:4      | Found a runed translucent door.
  3217 | D:4      | Noticed Crazy Yiuf
  3245 | D:5      | Entered Level 5 of the Dungeon
  3277 | D:5      | Reached skill level 1 in Stealth
  3545 | D:5      | Noticed a water moccasin
  3598 | D:6      | Noticed Duvessa
  3598 | D:6      | Noticed Dowan
  3625 | D:7      | Noticed an ice beast
  3630 | D:7      | Reached skill level 1 in Evocations
  3638 | D:7      | Killed an ice beast
  3639 | D:7      | Reached XP level 7. HP: 24/46 MP: 11/11
  3774 | D:5      | Found a blossoming altar of Fedhas.
  3779 | D:5      | Found a stormy altar of Qazlal.
  3922 | D:6      | Learned a level 4 spell: Olgreb's Toxic Radiance
  3948 | D:6      | Reached skill level 2 in Poison Magic
  3966 | D:6      | Reached skill level 3 in Poison Magic
  4041 | D:6      | Noticed Grinder
  4059 | D:6      | Killed Grinder
  4060 | D:6      | Reached skill level 5 in Poison Magic
  4123 | D:5      | Reached XP level 8. HP: 36/53 MP: 3/12
  4168 | D:5      | Noticed Sigmund
  4190 | D:5      | Killed Sigmund
  4191 | D:5      | Reached skill level 6 in Poison Magic
  4291 | D:5      | Reached skill level 7 in Poison Magic
  4334 | D:5      | Noticed Eustachio
  4357 | D:5      | Killed Eustachio
  4358 | D:5      | Reached skill level 8 in Poison Magic
  5067 | D:6      | Reached skill level 9 in Poison Magic
  5499 | D:7      | Noticed Prince Ribbit
  5521 | D:7      | Killed Prince Ribbit
  5522 | D:7      | Reached skill level 10 in Poison Magic
  5522 | D:7      | Reached XP level 9. HP: 58/58 MP: 6/13
  5598 | D:7      | Found a staircase to the Ecumenical Temple.
  6050 | D:7      | Found Feskiku's Firing Range.
  6177 | Temple   | Entered the Ecumenical Temple
  6240 | Temple   | Became a worshipper of Cheibriados the Contemplative
  6540 | D:6      | Killed Duvessa
  6542 | D:6      | Killed Dowan
  6668 | D:8      | Found a transporter.
  6764 | D:8      | Found a transporter.
  6787 | D:8      | Learned a level 3 spell: Ignite Poison
  6988 | D:8      | Found a transporter.
  7046 | D:8      | Reached skill level 1 in Transmutations
  7046 | D:8      | Reached skill level 1 in Fire Magic
  7438 | D:8      | Found a transporter.
  7580 | D:9      | Noticed Maurice
  7663 | D:9      | Killed Maurice
  7737 | D:9      | Noticed a two-headed ogre
  7742 | D:9      | Killed a two-headed ogre
  7743 | D:9      | Reached XP level 10. HP: 65/65 MP: 2/15
  7895 | D:9      | Identified the +6 rapier "Alao" {pain, rPois rN+ Dex-5
                  | Stlth+}
  7942 | D:9      | Reached * piety under Cheibriados
  7946 | D:9      | Noticed Pikel
  7953 | D:9      | Killed Pikel
  8287 | D:9      | Found Cuculopi's Changing Room.
  8304 | D:9      | Reached skill level 5 in Transmutations
  8304 | D:9      | Reached skill level 5 in Fire Magic
  8469 | D:9      | Reached skill level 5 in Spellcasting
  8735 | D:9      | Reached skill level 5 in Fighting
  8846 | D:9      | Reached ** piety under Cheibriados
  8903 | D:9      | Reached XP level 11. HP: 72/72 MP: 11/19
  8931 | D:9      | Learned a level 6 spell: Statue Form
  8989 | D:9      | Found a staircase to the Orcish Mines.
  9071 | D:9      | Reached skill level 1 in Earth Magic
  9099 | D:9      | Found a staircase to the Lair.
  9720 | D:10     | Entered Level 10 of the Dungeon
  9905 | D:10     | Reached skill level 5 in Dodging
 10043 | D:10     | Reached *** piety under Cheibriados
 10683 | D:11     | Noticed a two-headed ogre
 10686 | D:11     | Killed a two-headed ogre
 10775 | D:11     | Noticed a manticore
 10943 | D:11     | Killed a manticore
 11106 | D:11     | Learned a level 1 spell: Apportation
 11438 | D:11     | Noticed a two-headed ogre
 11447 | D:11     | Killed a two-headed ogre
 11527 | D:11     | Noticed a boulder beetle
 11537 | D:11     | Killed a boulder beetle
 11564 | D:11     | Found a portal to a secret trove of treasure.
 11628 | D:12     | Noticed a two-headed ogre
 11635 | D:12     | Killed a two-headed ogre
 11642 | D:12     | Reached XP level 12. HP: 45/80 MP: 11/21
 11661 | D:12     | Noticed Snorg
 11669 | D:12     | Killed Snorg
 11670 | D:12     | Reached skill level 5 in Earth Magic
 11894 | D:12     | Found a runed translucent gate.
 11895 | D:12     | Found a runed translucent gate.
 11896 | D:12     | Found a runed translucent gate.
 12284 | D:12     | Reached **** piety under Cheibriados
 12378 | D:12     | Noticed Lexicon's ghost (journeyman HOFi)
 12443 | D:12     | Learned a level 2 spell: Passwall
 13160 | D:12     | Noticed Jorgrun
 13549 | Orc:1    | Entered Level 1 of the Orcish Mines
 13576 | Orc:1    | Found a dark tunnel.
 13635 | Volcano  | Entered a volcano
 13664 | Volcano  | HP: 1/105 [salamander/+0 trident of freezing (5)]
 13665 | Volcano  | Mangled by a salamander

Illustrated notes

Levels and vault maps discovered:
D:1:      lightli_arrival_noodles, layout_rooms, serial_curves, eino_curves_01,
          eino_curves_04, serial_shops, shop, nicolae_wormholes
D:2:      layout_basic
D:3:      layout_loops_corners, general_overflow_altar, serial_shops,
          nicolae_shop_bloodbath_and_beyond, kennysheep_cluttered_room,
          small_statue_alley_b, corexii_item_surrounded_by_moat
D:4:      layout_cave_pools, st_stairs_1, uniq_crazy_yiuf_cottage
D:5:      layout_rooms, grunt_temple_overflow_forces_of_nature, serial_curves,
          eino_curves_04, eino_curves_02, uniq_sigmund, uniq_eustachio
D:6:      nicolae_cairo_tiling_large_dashed, layout_basic,
          minmay_increasing_density, uniq_grinder, uniq_duvessa
D:7:      layout_rooms, minmay_temple_entry_stoned_glass,
          nicolae_shop_firing_range, uniq_prince_ribbit1
D:8:      layout_loops_cross, nicolae_diode_intersection
D:9:      layout_gridville, due_lair_maze_entry_diamond,
          nicolae_transmutations_shop, minmay_misc_feat_plants,
          minmay_quadrilaterals, uniq_maurice, uniq_pikel
D:10:     layout_roguey
D:11:     layout_loops_ring, nicolae_trove_entry_path_of_doom
D:12:     layout_gridville, gammafunk_ghost_necromancy,
          kennysheep_generic_room_10, uniq_snorg, uniq_jorgrun
D:13:     layout_gridville, serial_shops, kennysheep_little_box
Temple:   nicolae_temple_bog_church
Orc:1:    dreamdust_wu_jian_sword_trials, layout_caves,
          nicolae_volcano_entry_batcave, nicolae_orc_rich_vein
Volcano:  volcano_caves

Skill      XL: |  1  2  3  4  5  6  7  8  9 10 11 12 |
---------------+-------------------------------------+-----
Throwing       | 2 |  2.0
Dodging        | 3 4 6 7 |  7.0
Fighting       | 3 4 5 6 7 |  7.1
Short Blades   | 3 4 |  4.5
Spellcasting   | 3 5 6 |  6.2
Stealth        | 2 4 |  4.6
Translocations | 4 |  4.0
Evocations     | 1 |  1.6
Poison Magic   | 5 10 | 10.0
Transmutations | 4 6 8 9 |  9.3
Fire Magic     | 4 6 |  6.0
Earth Magic    | 4 6 |  6.7

Action                     |  1- 3 |  4- 6 |  7- 9 | 10-12 || total
---------------------------+-------+-------+-------+-------++-------
  Melee: Short sword       |    97 |    16 |       |       ||   113
         Constrict         |    26 |    20 |    26 |    30 ||   102
         Tentacles         |    22 |    24 |    31 |    51 ||   128
         Dagger            |       |    77 |   130 |     8 ||   215
         Punch             |       |     2 |     3 |     3 ||     8
         Rapier            |       |       |       |   169 ||   169
  Throw: Boomerang         |       |     8 |    25 |       ||    33
   Cast: Blink             |       |     1 |     2 |     7 ||    10
         Olgreb's Toxic Ra |       |       |    24 |    41 ||    65
         Ignite Poison     |       |       |     3 |    23 ||    26
         Apportation       |       |       |       |     3 ||     3
         Statue Form       |       |       |       |     1 ||     1
  Evoke: Wand              |       |     3 |     9 |    27 ||    39
         Box of beasts     |       |       |       |     1 ||     1
         Condenser vane    |       |       |       |     1 ||     1
    Use: Scroll            |     1 |     6 |     4 |    15 ||    26
         Potion            |       |       |     2 |     5 ||     7
   Stab: Sleeping          |     4 |     8 |     7 |     4 ||    23
         Paralysed         |       |       |     6 |    16 ||    22
 Armour: Skin              |     5 |     4 |    19 |   104 ||   132
  Dodge: Dodged            |    66 |    54 |    90 |   182 ||   392

Table legend: (Time is in decaauts)
 A = Elapsed time spent in this place.
 B = Non-inter-level travel time spent in this place.
 C = Inter-level travel time spent in this place.
 D = Time resting spent in this place.
 E = Time spent auto-exploring this place.
 F = Levels seen in this place.
 G = Mean time per level.
                   A        B        C        D        E       F      G
               +--------+--------+--------+--------+--------+-----+--------+
         Total |  15678 |  14337 |   1341 |    386 |  11833 |  16 |  979.9 |
       Dungeon |  15449 |  14134 |   1315 |    339 |  11789 |  13 | 1188.4 |
        Temple |     81 |     55 |     26 |      0 |     44 |   1 |   81.0 |
  Orcish Mines |    105 |    105 |      0 |     47 |      0 |   1 |  105.0 |
       Volcano |     41 |     41 |      0 |      0 |      0 |   1 |   41.0 |
               +--------+--------+--------+--------+--------+-----+--------+

Top non-repeatable levels by time:
    D:12: 2427 daAuts
     D:9: 2258 daAuts
     D:8: 1478 daAuts
    D:11: 1470 daAuts
     D:6: 1363 daAuts
    D:10: 1192 daAuts
     D:5: 1101 daAuts
     D:3: 1100 daAuts
     D:2: 917 daAuts
     D:4: 812 daAuts
     D:7: 782 daAuts
     D:1: 543 daAuts
   Orc:1: 105 daAuts
  Temple: 81 daAuts
 Volcano: 41 daAuts
